 Dungeon Crawl Stone Soup version 0.31-a0-133-gaae73658be (webtiles) character file.

Game seed: 9173417354715351127

11247 Iich the Cleaver (level 11, -2/90 HPs)
             Began as a Demonspawn Fighter on June 2, 2023.
             Was an Initiate of Gozag.
             Killed by vampiric draining
             ... invoked by a vampire
              (5 damage)
             ... on level 11 of the Dungeon.
             The game lasted 00:21:03 (8882 turns).

Iich the Cleaver (Demonspawn Fighter)               Turns: 8882, Time: 00:21:04

Health: -2/90      AC: 28    Str: 16    XL:     11   Next: 46%
Magic:  20/20      EV: 20    Int: 14    God:    Gozag
Gold:   1064       SH:  5    Dex: 15    Spells: 10/10 levels left

rFire   . . .        a - +0 war axe
rCold   . . .        c - +0 buckler
rNeg    . . .        A - +2 swamp dragon scales
rPois   +            y - +2 helmet
rElec   .            M - +0 cloak
rCorr   .            r - +0 pair of gloves
SInv    +            (no boots)
Will    .....        (no amulet)
Stlth   +            o - ring of Ojea {Fly MP+9 EV+5 SInv}
HPRegen 0.35/turn    u - +5 ring of evasion
MPRegen 0.17/turn

%: no passive effects
@: sanguine armoured, flying, studying Armour
A: powered by death 1, spiny 2, sanguine armour 2, demonic touch 1, talons 1,
clever 1
a: Renounce Religion, Potion Petition, Call Merchant, Bribe Branch


You were on level 11 of the Dungeon.
You worshipped Gozag.
Gozag was most pleased with you.
You visited 2 branches of the dungeon, and saw 12 of its levels.

You collected 1591 gold pieces.
You spent 415 gold pieces at shops.
You paid 112 gold pieces to Gozag.

Inventory:

Hand Weapons
 a - a +0 war axe (weapon)
Armour
 c - a +0 buckler (worn)
 r - a +0 pair of gloves (worn)
 y - a +2 helmet (worn)
 A - +2 swamp dragon scales (worn)
 C - a +0 plate armour
 M - a +0 cloak (worn)
Jewellery
 l - an amulet of magic regeneration
 o - the ring of Ojea (left hand) {Fly MP+9 EV+5 SInv}
   (You acquired it on level 2 of the Dungeon)

   [ring of evasion]

   EV:        It affects your evasion (+5).
   MP:        It affects your magic capacity (+9).
   SInv:      It lets you see invisible.
   Fly:       It grants you flight.
 u - a +5 ring of evasion (right hand)
 D - the ring "Fisuasm" {rPois Will+ MP+9 Dex+3}
   (You found it on level 8 of the Dungeon)

   [ring of magical power]

   Dex:       It affects your dexterity (+3).
   rPois:     It protects you from poison.
   MP:        It affects your magic capacity (+9).
   Will:      It increases your willpower.
 G - a +6 ring of dexterity
 K - a +5 ring of evasion
 S - a ring of see invisible
Wands
 k - a wand of polymorph (25) (quivered)
 v - a wand of iceblast (5)
 x - a wand of flame (27)
 F - a wand of paralysis (12)
Scrolls
 b - a scroll of magic mapping
 g - 4 scrolls of fear
 i - a scroll of identify
 n - 3 scrolls of amnesia
 p - a scroll of poison
 t - 3 scrolls of teleportation
 B - a scroll of blinking
 E - a scroll of immolation
 L - a scroll of vulnerability {unknown}
 N - a scroll of noise {unknown}
Potions
 d - a potion of might
 e - 2 potions of lignification {unknown}
 f - 2 potions of enlightenment
 h - a potion of haste
 j - 2 potions of berserk rage
 m - a potion of mutation
 q - 2 potions of curing
 s - a potion of brilliance
 w - 3 potions of degeneration
 z - a potion of attraction
 I - 8 potions of ambrosia
 J - a potion of heal wounds {unknown}


   Skills:
 + Level 9.8 Fighting
 * Level 12.1 Axes
 + Level 12.0 Armour
 - Level 2.6 Shields


You had 10 spell levels left.
You didn't know any spells.
Your spell library contained the following spells:

 Spells                   Type           Power      Damage    Failure   Level
 Kiss of Death            Conj/Necr      0%         2d5       52%         1
 Shock                    Conj/Air       0%         1d3       52%         1
 Scorch                   Fire           0%         2d5       67%         2
 Confusing Touch          Hex            0%         N/A       88%         3
 Inner Flame              Hex/Fire       0%         N/A       88%         3
 Swiftness                Air            0%         N/A       88%         3
 Airstrike                Air            0%         2d(0-16)  99%         4
 Animate Armour           Summ/Erth      0%         N/A       99%         4
 Dispel Undead            Necr           0%         3d6       99%         4
 Flame Wave               Conj/Fire      0%         2d4       99%         4
 Iskenderun's Mystic Bla  Conj/Tloc      0%         2d3       99%         4
 Summon Lightning Spire   Summ/Air       0%         N/A       99%         4
 Blade Hands              Tmut           0%         N/A       100%        5
 Starburst                Conj/Fire      0%         6d3       100%        6


Dungeon Overview and Level Annotations

Branches:
Dungeon (11/15)            Temple (1/1) D:6             Orc (0/2) D:10
   Lair: D:8-11

Altars:
Ashenzari
Cheibriados
Dithmenos
Gozag
Kikubaaqudgha
Makhleb
Okawaru
Qazlal
Ru
Sif Muna
Trog
Uskayaw
Wu Jian
Xom
Yredelemnul

Shops:
D:4 :   D:6 *:   D:7 [   D:10 [

Annotations:
D:3 2 transporters, osoart's ghost, amateur OpCj


Innate Abilities, Weirdness & Mutations

You regenerate a little health from kills.
You are mostly covered in sharp spines.
When seriously injured, your blood forms thick armour. (AC +9)
Your touch may inflict minor irresistible damage on your foes.
You have sharp toenails.
Your mind is acute. (Int +4, Str/Dex -1)


Message History

The vampire is heavily damaged.
You closely miss the vampire. The vampire draws life force from you!
* * * LOW HITPOINT WARNING * * *
The vampire is healed by the life force!
The vampire barely misses you. x2
Unknown command.
You take 16 damage, and have 26/90 hp.
You slash the vampire! Your kick misses the vampire.
The vampire is heavily damaged.
You hit the vampire. The vampire is struck by your spines.
The vampire barely misses you.
The vampire bites you but does no damage.
The vampire hits you but does no damage.
The vampire barely misses you.
Unknown command.
You barely miss the vampire. Your kick misses the vampire.
The vampire is severely damaged.
You closely miss the vampire. The vampire is struck by your spines.
The vampire barely misses you. x2
The vampire hits you but does no damage.
The vampire barely misses you.
Unknown command.
You closely miss the vampire. You claw the vampire, but do no damage.
The vampire is almost destroyed.
You hit the vampire.
You feel less confused.
The vampire mumbles some strange words.
The vampire flickers and vanishes for a moment.
The vampire draws life force from you!
* * * LOW HITPOINT WARNING * * *
The vampire is healed by the life force!
You take 12 damage, and have 15/90 hp.
You closely miss the vampire. You claw the vampire, but do no damage.
The vampire is almost destroyed.
You hit the vampire. The vampire draws life force from you!
* * * LOW HITPOINT WARNING * * *
The vampire is healed by the life force!
The vampire draws life force from you.
You die...
Your body crumbles into a pile of gold.

###### ..)..# ..#.######
## ##.#.##... .#
#..#.##$#### #.#
##...$.$...# #.#
#.....V@$#.# #.#
##....V..#.####.#
#........#......#
##..?....#####..#
...........#..<#..#
##.........#.###..######
#.........#.#.........#
#.........#.#.######.##
###########......#....#


You could see 2 vampires.

Vanquished Creatures
  A centaur warrior (D:10)
  A two-headed ogre (D:10)
  The ghost of greasedhog the Cleaver, a novice TeFi of Okawaru (D:6)
  An unseen horror (D:11)
  A gargoyle (D:10)
  2 hornets (D:9)
  A queen bee (D:9)
  2 trolls (D:9)
  Grinder (D:6)
  Prince Ribbit (D:6)
  10 yaks
  A fire bat (D:5)
  Grum (D:8)
  Eustachio (D:6)
  2 steam dragons
  7 vampire mosquitoes (D:11)
  2 acid dragons (D:9)
  A water moccasin (D:6)
  A black bear (D:6)
  3 orc warriors
  2 centaurs
  3 wolves (D:8)
  An ogre (D:5)
  A phantom (D:5)
  A kobold brigand (D:8)
  6 bullfrogs
  5 wights (D:9)
  35 killer bees (D:9)
  3 electric eels (D:10)
  3 howler monkeys (D:11)
  4 quasits (D:6)
  A gnoll bouda (D:7)
  7 hounds
  3 jellies
  4 orc priests
  Terence (D:3)
  3 sleepcaps
  7 orc wizards
  8 adders
  5 gnolls (D:7)
  A shadow imp (D:8)
  3 white imps
  3 worms
  3 dart slugs
  21 orcs
  8 ball pythons
  6 endoplasms
  3 giant cockroaches
  5 goblins
  6 hobgoblins
  2 jackals (D:1)
  A quokka (D:5)
  3 bats
  3 frilled lizards
  8 kobolds
  2 rats
222 creatures vanquished.

Notes
Turn   | Place    | Note
-------+----------+-------------------------------------------
     0 | D:1      | Iich the Demonspawn Fighter began the quest for the Orb.
     0 | D:1      | Reached XP level 1. HP: 18/18 MP: 1/1
   163 | D:1      | Gained mutation: You are partially covered in sharp spines.
                  | [demonic ancestry]
   163 | D:1      | Reached XP level 2. HP: 20/24 MP: 2/2
   732 | D:2      | Gained mutation: When seriously injured, your blood forms
                  | armour. (AC +9) [demonic ancestry]
   732 | D:2      | Reached XP level 3. HP: 29/29 MP: 3/3
  1404 | D:2      | Identified 2 scrolls of acquirement
  1404 | D:2      | Acquired the ring of Ojea {Fly MP+9 EV+5 SInv}
  1407 | D:2      | Acquired a manual of Armour
  1574 | D:3      | Noticed Terence
  1588 | D:3      | Killed Terence
  1589 | D:3      | Gained mutation: You are mostly covered in sharp spines.
                  | [demonic ancestry]
  1589 | D:3      | Reached XP level 4. HP: 28/37 MP: 4/4
  1691 | D:3      | Noticed an ogre
  1691 | D:3      | Identified the +11 dire flail of Mafotib {chaos, Str+3
                  | Dex+3}
  1691 | D:3      | Noticed an ogre
  1691 | D:3      | Noticed osoart's ghost (amateur OpCj)
  1751 | D:3      | Noticed an ogre
  1753 | D:3      | Found a transporter.
  1760 | D:3      | Found a transporter.
  2177 | D:4      | Found a bloodstained altar of Trog.
  2201 | D:4      | Found a hide-covered altar of Uskayaw.
  2308 | D:4      | Found a shimmering altar of Xom.
  2349 | D:4      | Gained mutation: You regenerate a little health from kills.
                  | [demonic ancestry]
  2349 | D:4      | Reached XP level 5. HP: 42/42 MP: 5/5
  2377 | D:4      | Gained mutation: Your touch may inflict minor irresistible
                  | damage on your foes. [demonic ancestry]
  2377 | D:4      | Reached XP level 6. HP: 49/49 MP: 6/6
  2471 | D:4      | Found a sacrificial altar of Ru.
  2505 | D:4      | Found a burning altar of Makhleb.
  2538 | D:4      | Found Yjaasi Ymo's Book Boutique.
  2743 | D:5      | Entered Level 5 of the Dungeon
  2869 | D:5      | Reached skill level 5 in Axes
  3224 | D:5      | Noticed Ijyb
  3226 | D:5      | Ijyb changed into Ijyb the wolf
  3226 | D:5      | Noticed Ijyb
  3230 | D:5      | Ijyb the wolf changed into Ijyb the sky beast
  3230 | D:5      | Noticed Ijyb
  3233 | D:5      | Ijyb the sky beast changed into Ijyb the fire bat
  3233 | D:5      | Noticed Ijyb
  3257 | D:5      | Killed Ijyb the fire bat
  3258 | D:5      | Reached skill level 5 in Armour
  3258 | D:5      | Reached XP level 7. HP: 55/55 MP: 7/7
  3443 | D:5      | Reached skill level 5 in Fighting
  3728 | D:6      | Found Baraef's Book Shop.
  3729 | D:6      | Found Muet's Elemental Accessories.
  3736 | D:6      | Bought a wand of iceblast (7) for 184 gold pieces
  3746 | D:6      | Noticed Eustachio
  3769 | D:6      | Killed Eustachio
  3770 | D:6      | Gained mutation: When seriously injured, your blood forms
                  | thick armour. (AC +9) [demonic ancestry]
  3770 | D:6      | Reached XP level 8. HP: 56/64 MP: 8/8
  3779 | D:6      | Noticed Grinder
  3798 | D:6      | Killed Grinder
  3914 | D:6      | Found a staircase to the Ecumenical Temple.
  3954 | Temple   | Entered the Ecumenical Temple
  3978 | Temple   | Became a worshipper of Gozag Ym Sagoz the Greedy
  4035 | D:6      | Found a broken altar of Ashenzari.
  4165 | D:6      | Found a transporter.
  4240 | D:6      | Noticed Prince Ribbit
  4246 | D:6      | Killed Prince Ribbit
  4290 | D:6      | Reached XP level 9. HP: 68/71 MP: 9/9
  4347 | D:6      | Found a transporter.
  4347 | D:6      | Noticed greasedhog's ghost (novice TeFi)
  4456 | D:6      | Noticed Maggie
  4505 | D:6      | Maggie changed into Maggie the boggart
  4505 | D:6      | Noticed Maggie
  4509 | D:6      | Maggie the boggart changed into Maggie the bullfrog
  4509 | D:6      | Noticed Maggie
  4511 | D:6      | Killed Maggie the bullfrog
  4715 | D:6      | Killed greasedhog's ghost
  4830 | D:7      | Found Nays's Antique Armour Emporium.
  4896 | D:7      | Gained mutation: Your mind is acute. (Int +4, Str/Dex -1)
                  | [potion of mutation]
  4896 | D:7      | Gained mutation: You have sharp toenails. [potion of
                  | mutation]
  5337 | D:8      | Noticed Grum
  5353 | D:8      | Killed Grum
  5361 | D:8      | Identified the ring "Fisuasm" {rPois Will+ MP+9 Dex+3}
  5675 | D:8      | Reached XP level 10. HP: 63/80 MP: 10/10
  5690 | D:8      | Reached skill level 10 in Axes
  6301 | D:9      | Reached skill level 10 in Armour
  6469 | D:9      | Got the Textbook on Ruinous Wildfire
  6831 | D:9      | Paralysed by a hornet for 1 turns
  6933 | D:9      | Reached XP level 11. HP: 85/89 MP: 11/11
  7076 | D:10     | Entered Level 10 of the Dungeon
  7154 | D:10     | Noticed a centaur warrior
  7620 | D:10     | Noticed a two-headed ogre
  7734 | D:10     | Killed a two-headed ogre
  7791 | D:10     | Found a staircase to the Orcish Mines.
  8140 | D:10     | Identified the +8 dagger of Instinct {protect, *Corrode
                  | Str+5}
  8158 | D:10     | Found Haits's Armour Shop.
  8167 | D:10     | Bought a +2 helmet for 231 gold pieces
  8211 | D:10     | Killed a centaur warrior
  8882 | D:11     | HP: 3/90 [vampire/vampiric draining (12)]
  8882 | D:11     | Killed from afar by a vampire

Illustrated notes

Levels and vault maps discovered:
D:1:      lemuel_arrival_broad_hall, layout_basic
D:2:      layout_loops_ring, chequers_serial_rivers_room_b
D:3:      layout_basic, gammafunk_ghost_smash, uniq_terence
D:4:      layout_cave_pools, makhleb_heckhound_becter,
          mainiacjoe_overflow_concentric_impassable, marbit_many_paths,
          mainiacjoe_overflow_24_doors, mainiacjoe_overflow_paths, serial_shops,
          shop
D:5:      layout_loops_corners, uniq_ijyb
D:6:      layout_loops_cross, overflow_temple_1_default, temple_fountains,
          serial_shops, shop, gammafunk_ghost_stat_death,
          nicolae_elemental_shop, dk_noncrumbling_4, uniq_eustachio,
          uniq_prince_ribbit1, uniq_grinder, uniq_maggie
D:7:      layout_basic, serial_shops, nicolae_shop_advertising_works
          [nicolae_subvault_shop_adworks]
D:8:      layout_gridville, uniq_grum
D:9:      layout_roguey [special_room_bee]
D:10:     layout_basic, tso_metal_star, orc_0_dummy, serial_shops, shop
D:11:     layout_basic, david_lair_shrubbed, special_room [special_room_orc],
          enter_trove_0, serial_corexii_hall, chequers_hall_statues_corner_a,
          corexii_hall_statues_l, minmay_guarded_unrand_vampires_tooth
Temple:   nicolae_temple_bog_church

Skill      XL: |  1  2  3  4  5  6  7  8  9 10 11 |
---------------+----------------------------------+-----
Axes           | 2 3 4 5 6 8 9 11 12 | 12.1
Armour         | 3 4 5 6 7 9 11 12 | 12.0
Fighting       | 4 5 6 7 9 |  9.8
Shields        | |  2.6

Action                     |  1- 3 |  4- 6 |  7- 9 | 10-12 || total
---------------------------+-------+-------+-------+-------++-------
  Melee: War axe           |    81 |    73 |   202 |   237 ||   593
         Unarmed           |       |     3 |     4 |       ||     7
         Kick              |       |       |    24 |    92 ||   116
  Evoke: Wand              |       |    11 |    11 |     4 ||    26
    Use: Potion            |     1 |       |     5 |     1 ||     7
         Scroll            |     4 |     1 |     3 |     3 ||    11
   Stab: Distracted        |       |       |       |     1 ||     1
 Armour: Scale mail        |    24 |    25 |    28 |       ||    77
         Skin              |       |     9 |       |       ||     9
         Chain mail        |       |       |     8 |       ||     8
         Swamp dragon scal |       |       |    47 |   106 ||   153
  Dodge: Dodged            |    32 |    62 |   240 |   310 ||   644
  Block: Buckler           |    20 |    18 |    68 |    64 ||   170

Table legend: (Time is in decaauts)
 A = Elapsed time spent in this place.
 B = Non-inter-level travel time spent in this place.
 C = Inter-level travel time spent in this place.
 D = Time resting spent in this place.
 E = Time spent auto-exploring this place.
 F = Levels seen in this place.
 G = Mean time per level.
                   A        B        C        D        E       F      G
               +--------+--------+--------+--------+--------+-----+--------+
         Total |   8958 |   8661 |    297 |    793 |   6208 |  12 |  746.5 |
       Dungeon |   8915 |   8619 |    296 |    793 |   6202 |  11 |  810.5 |
        Temple |     42 |     42 |      0 |      0 |      6 |   1 |   42.0 |
               +--------+--------+--------+--------+--------+-----+--------+

Top non-repeatable levels by time:
    D:10: 1649 daAuts
     D:6: 1046 daAuts
     D:5: 985 daAuts
     D:8: 907 daAuts
     D:9: 835 daAuts
     D:2: 828 daAuts
     D:3: 696 daAuts
     D:1: 695 daAuts
     D:4: 591 daAuts
     D:7: 528 daAuts
    D:11: 152 daAuts
  Temple: 42 daAuts
